Map: Abyssal Reef LE

Players

Juxtapose

  • Race: Terran Terran
  • Spawn Location: 11:00

Landrastic - Winner!

  • Race: Zerg Zerg
  • League: Gold
  • Spawn Location: 5:00

VOD

https://youtu.be/gL1md59GB9Y

Description

I'm not very good at wall-ins yet, and this was one aggressive Zerg opponent.

I need to work on Bunker placement, better early game harassment, and maybe toy with Hellions from a Factory with a Reactor.

Time

  • Played on: June 1, 2017, 8:03 p.m.
  • Length: 5:39
Show
View Real Time Build Order
Export as new Build Order

Juxtapose Terran 

Build Orders:  

Get SALT Encoding   

  12  0:01  SCV  
  13  0:13  SCV  
  14  0:21  Supply Depot  
  14  0:25  SCV  
  15  0:42  SCV  
  16  0:46  Barracks  
  16  0:54  SCV  
  17  1:06  SCV  
  17  1:08  Supply Depot  
  18  1:12  Refinery  
  18  1:18  SCV  
  19  1:31  SCV  
  20  1:33  Marine  
  21  1:43  SCV, Refinery  
  22  1:51  Marine  
  23  1:55  SCV  
  23  1:56  Supply Depot  
  24  2:03  Barracks  
  24  2:07  SCV  
  25  2:13  Marine  
  25  2:15  Bunker  
  26  2:19  SCV  
  27  2:31  SCV  
  28  2:46  Barracks Reactor  
  28  2:52  Supply Depot  
  28  3:01  Command Center  
  27  3:13  Barracks Tech Lab  
  27  3:19  Factory  
  27  3:22  Orbital Command  
  27  3:27  Supply Depot  
  27  3:33  Reaper x2  
  29  3:37  Marine  
  30  3:55  Engineering Bay  
  30  3:56  Marine  
  31  4:13  Factory Tech Lab  
  31  4:14  Marine  
  32  4:20  Starport  
  32  4:25  Supply Depot  
  32  4:34  Siege Tank  
  35  4:40  Marine x2  
  37  4:49  Orbital Command  
  32  5:06  Siege Tank  
  32  5:12  Marine x2  
  15  5:17  Marine  
Show
View Real Time Build Order
Export as new Build Order

Landrastic Zerg - Winner!

Build Orders: Hatch First 

Get SALT Encoding   

  12  0:02  Drone  
  13  0:09  Drone  
  14  0:17  Overlord  
  14  0:46  Drone  
  14  0:48  Drone  
  16  0:55  Hatchery  
  15  1:07  Spawning Pool  
  15  1:11  Drone  
  15  1:13  Drone  
  15  1:16  Extractor  
  15  1:20  Drone  
  16  1:29  Drone  
  17  1:41  Drone  
  18  1:54  Queen  
  18  2:01  Zergling x4  
  22  2:07  Queen  
  22  2:08  Overlord  
  24  2:16  Drone x2  
  24  2:18  Zergling x2  
  27  2:28  Metabolic Boost  
  27  2:39  Zergling x4  
  27  2:40  Zergling x2  
  27  2:41  Baneling Nest  
  29  2:52  Drone  
  29  2:53  Drone  
  29  2:57  Overlord  
  31  2:59  Overlord  
  31  3:23  Overlord  
  31  3:26  Lair  
  31  3:27  Zergling x2  
  31  3:28  Zergling x6  
  31  3:31  Drone  
  36  3:35  Drone  
  36  3:40  Extractor  
  36  3:52  Drone  
  36  3:53  Drone x2  
  39  3:59  Drone x3  
  42  4:05  Baneling x5  
  42  4:11  Zergling x6  
  42  4:12  Zergling x2  
  46  4:38  Drone x4  
  50  4:39  Hydralisk Den  
  45  5:13  Hydralisk  
  45  5:14  Hydralisk x3  
  43  5:18  Overlord x2  
  51  5:38  Hatchery  
Tags
 
League
Gold
Matchup
TvZ
Spawn Locations
Cross Positions
Add a new tag
Caveats
  • Supply blocks, unpowered buildings, or Contaminate may cause inaccurate times.
  • Supply counts are checked every 10 seconds.